 Dungeon Crawl Stone Soup version 0.25-a0-547-g27a0b5d1ef (webtiles) character file.

Game seed: 1345279692179636995, levelgen mode: deterministic

121 Esekla the Magician (level 4, -2/24 HPs)
             Began as a Deep Elf Wizard on Feb 22, 2020.
             Was a Follower of Qazlal.
             Slain by a gnoll
             ... wielding a +1 whip of electrocution
              (20 damage)
             ... on level 3 of the Dungeon.
             The game lasted 00:15:34 (2927 turns).

Esekla the Magician (Deep Elf Wizard)               Turns: 2927, Time: 00:15:35

Health: -2/24      AC:  5    Str:  5    XL:     4   Next: 76%
Magic:  14/14      EV: 13    Int: 23    God:    Qazlal [*.....]
Gold:   86         SH:  1    Dex: 13    Spells: 7/16 levels left

rFire    . . .     SeeInvis .   e - +0 short sword
rCold    . . .     Gourm    .   (no shield)
rNeg     . . .     Faith    .   a - +0 robe
rPois    .         Spirit   .   b - +0 hat
rElec    .         Reflect  .   (no cloak)
rCorr    .         Harm     .   (no gloves)
MR       .....                  (no boots)
Stlth    ++........             (no amulet)
HPRegen  0.08/turn              j - +3 ring of protection
MPRegen  0.14/turn              (no ring)

@: no status effects
A: no striking features
a: Renounce Religion


You were on level 3 of the Dungeon.
You worshipped Qazlal.
Qazlal was aware of your devotion.
You were not hungry.

You visited 1 branch of the dungeon, and saw 3 of its levels.

You collected 86 gold pieces.

Inventory:

Hand Weapons
 e - a +0 short sword (weapon)
Armour
 a - a +0 robe (worn)
 b - a +0 hat (worn)
Jewellery
 j - a +3 ring of protection (left hand)
Scrolls
 c - a scroll of remove curse {unknown}
 f - a scroll of fog {unknown}
 g - a scroll of magic mapping {unknown}
 h - a scroll of teleportation {unknown}
Potions
 i - 2 potions of curing {unknown}
 k - a potion of resistance {unknown}
Comestibles
 d - 4 rations


   Skills:
 + Level 0.5 Short Blades
 + Level 2.9 Dodging
 - Level 2.4 Stealth
 * Level 6.5 Spellcasting
 + Level 1.8 Conjurations
   Level 1.1 Summonings
 * Level 1.6 Translocations
 * Level 1.0 Air Magic
 * Level 0.3 Poison Magic


You had 7 spell levels left.
You knew the following spells:

 Your Spells              Type           Power        Failure   Level  Hunger
a - Magic Dart            Conj           ###.         3%          1    None
b - Blink                 Tloc           N/A          6%          2    None
c - Mephitic Cloud        Conj/Pois/Air  ##......     16%         3    #......
f - Conjure Flame         Conj/Fire      ##......     17%         3    #......

Your spell library contained the following spells:

 Spells                   Type           Power        Failure   Level  Hunger
 Call Imp                 Summ           ##......     8%          2    None
 Slow                     Hex            #.......     12%         2    None


Dungeon Overview and Level Annotations

Branches:
Dungeon (3/15)

Altars:
Kikubaaqudgha
Qazlal


Message History

You kill the jackal!
Qazlal accepts your kill.
You see here a jackal corpse.
You start resting.
You are feeling very hungry.
You butcher the jackal corpse.
l - a chunk of flesh You see here a jackal skeleton.
Eat a chunk of flesh? (ye/n/q)
You eat the chunk of flesh.
This raw flesh tastes terrible.
You start resting.
Magic restored.
You start resting.
HP restored.
There is a stone staircase leading down here.
You climb downwards.
The gnoll hits you with a +1 whip of electrocution.
You are electrocuted!!
Ouch! That really hurt!
You die...

###.#.# #.#
..#g# #.# #.#
#.# #.# #.#
#.# #.# #.#
#.# ## #.# #.#
.. #$# #@# ##
#.# #g# ##
#######.# #.#
..
.......ยง###.#
##
......!.....#
#############


You could see a gnoll.

Vanquished Creatures
  3 gnolls
  An adder (D:3)
  An ooze (D:1)
  2 worms (D:3)
  3 dart slugs
  2 leopard geckos
  2 orcs (D:3)
  4 giant cockroaches
  5 goblins
  8 hobgoblins
  3 jackals
  7 kobolds
  2 quokkas
  A ball python (D:3)
  6 bats
  5 frilled lizards
  5 rats
60 creatures vanquished.

Notes
Turn   | Place    | Note
-------+----------+-------------------------------------------
     0 | D:1      | Esekla the Deep Elf Wizard began the quest for the Orb.
     0 | D:1      | Reached XP level 1. HP: 10/10 MP: 7/7
   535 | D:1      | Reached skill level 5 in Spellcasting
   641 | D:1      | Reached XP level 2. HP: 15/15 MP: 7/10
  1030 | D:2      | Reached XP level 3. HP: 19/19 MP: 4/12
  1061 | D:2      | Learned a level 2 spell: Blink
  1065 | D:2      | Learned a level 3 spell: Mephitic Cloud
  1069 | D:2      | Learned a level 3 spell: Conjure Flame
  1292 | D:2      | Found a stormy altar of Qazlal.
  1294 | D:2      | Noticed a fire elemental
  1294 | D:2      | Noticed a water elemental
  1295 | D:2      | Noticed an earth elemental
  1295 | D:2      | Noticed an air elemental
  1300 | D:2      | Became a worshipper of Qazlal Stormbringer
  1903 | D:3      | Reached skill level 6 in Spellcasting
  2142 | D:3      | Reached XP level 4. HP: 24/24 MP: 14/14
  2639 | D:3      | Found an ancient bone altar of Kikubaaqudgha.
  2647 | D:3      | Reached * piety under Qazlal
  2647 | D:3      | Reached skill level 1 in Air Magic
  2927 | D:3      | Slain by a gnoll

Levels and vault maps discovered:
D:1:      grunt_arrival_crossed_arrows, layout_loops_ring
D:2:      layout_rooms, nicolae_qazlal_style_of_elements, minmay_misc_feat_rows
D:3:      layout_loops_ring, old_standard_altar, doesnt_xom_only_xom,
          first_ration, minmay_misc_feat_four_crosses

Skill      XL: |  1  2  3  4 |
---------------+-------------+-----
Spellcasting   | 5 6 |  6.5
Air Magic      | 1 |  1.0
Short Blades   | |  0.5
Dodging        | |  2.9
Stealth        | |  2.4
Conjurations   | |  1.8
Summonings     | |  1.1
Translocations | |  1.6
Poison Magic   | |  0.3

Action                   |  1- 3 |  4- 6 || total
-------------------------+-------+-------++-------
Melee: Short sword       |    43 |    24 ||    67
 Cast: Magic Dart        |    82 |    35 ||   117
       Mephitic Cloud    |     3 |     5 ||     8
       Blink             |       |     5 ||     5
       Conjure Flame     |       |     3 ||     3
 Stab: Sleeping          |     9 |     2 ||    11
       Confused          |     2 |     3 ||     5
  Eat: Chunk             |     4 |     2 ||     6
Armor: Robe              |    16 |    15 ||    31
Dodge: Dodged            |    45 |    28 ||    73
Block: Other             |       |     2 ||     2

Table legend:
 A = Non-vault XP
 B = Vault XP
 C = Vault XP percentage of total XP
 D = Non-vault monster count
 E = Vault monster count
 F = Vault count percentage of total count
                 A         B        C        D         E       F
            +---------+---------+-------+---------+---------+-------
      Total |     173 |       0 |   0.0 |      60 |       0 |   0.0
            +---------+---------+-------+---------+---------+-------
        D:1 |      53 |       0 |   0.0 |      17 |       0 |   0.0
        D:2 |      36 |       0 |   0.0 |      20 |       0 |   0.0
        D:3 |      84 |       0 |   0.0 |      23 |       0 |   0.0
            +---------+---------+-------+---------+---------+-------
